 Dungeon Crawl Stone Soup version 0.29-a0-919-gd064cfad1c (webtiles) character file.

Game seed: 12180870114191126489

108 Hubris850 the Chopper (level 4, 0/41 HPs)
             Began as a Gnoll Cinder Acolyte on July 26, 2022.
             Was a High Priest of Ignis.
             Succumbed to an adder's poison
             ... on level 3 of the Dungeon.
             The game lasted 00:05:13 (1149 turns).

Hubris850 the Chopper (Gnoll Cinder Acolyte)        Turns: 1149, Time: 00:05:13

Health: 0/41       AC:  4    Str: 20    XL:     4   Next: 87%
Magic:  8/8        EV: 11    Int: 15    God:    Ignis [*****.]
Gold:   65         SH:  0    Dex:  7    Spells: 7/9 levels left

rFire   + + .      SeeInvis .   a - -1 hand axe (flame)
rCold   . . .      Faith    .   (no shield)
rNeg    . . .      Spirit   .   m - +2 robe "Quunie" {rF+}
rPois   .          Reflect  .   (no helmet)
rElec   .          Harm     .   (no cloak)
rCorr   .          Rampage  .   (no gloves)
Will    .....                   (no boots)
Stlth   +.........              (no amulet)
HPRegen 0.13/turn               c - +6 ring of strength
MPRegen 0.11/turn               g - +4 ring of slaying

@: lethally poisoned (0 -> -1), on berserk cooldown, slowed, very slow
A: fangs 1, strong nose, distributed training
a: Renounce Religion, Fiery Armour, Foxfire Swarm, Rising Flame


You were on level 3 of the Dungeon.
You worshipped Ignis.
Ignis was extremely pleased with you.
You visited 1 branch of the dungeon, and saw 3 of its levels.

You collected 65 gold pieces.

Inventory:

Hand Weapons
 a - a -1 hand axe of flaming (weapon)
 j - a +2 mace of holy wrath
 k - a +0 war axe
Missiles
 f - 3 poisoned darts (quivered)
Armour
 b - a +0 robe
 m - the +2 robe "Quunie" (worn) {rF+}
   (You found it on level 3 of the Dungeon)

   rF:        It protects you from fire.
Jewellery
 c - a +6 ring of strength (left hand)
 g - a +4 ring of slaying (right hand)
 l - the amulet of Elemental Vulnerability {rPois rF-- rC-- AC+8}
   (You found it on level 3 of the Dungeon)

   [amulet of nothing]

   AC:        It affects your AC (+8).
   rF:        It makes you very vulnerable to fire.
   rC:        It makes you very vulnerable to cold.
   rPois:     It protects you from poison.
Scrolls
 d - 2 scrolls of identify {unknown}
 e - a scroll of amnesia {unknown}
 h - a scroll of fear {unknown}
Potions
 i - a potion of curing {unknown}
 n - a potion of berserk rage


   Skills:
 + Level 6.6 Fighting
 + Level 1.3 Short Blades
 + Level 1.3 Long Blades
 + Level 6.6 Axes
 + Level 1.3 Maces & Flails
 + Level 1.3 Polearms
 + Level 1.3 Staves
 + Level 1.3 Ranged Weapons
 + Level 1.3 Throwing
 + Level 1.3 Armour
 + Level 1.3 Dodging
 + Level 1.3 Stealth
 + Level 1.3 Shields
 + Level 1.3 Unarmed Combat
 + Level 3.1 Spellcasting
 + Level 1.0 Conjurations
 + Level 1.0 Hexes
 + Level 1.0 Summonings
 + Level 1.0 Necromancy
 + Level 1.0 Translocations
 + Level 1.0 Transmutations
 + Level 5.5 Fire Magic
 + Level 1.0 Ice Magic
 + Level 1.0 Air Magic
 + Level 1.0 Earth Magic
 + Level 1.0 Poison Magic
 + Level 1.4 Invocations
 + Level 1.3 Evocations


You had 7 spell levels left.
You knew the following spells:

 Your Spells              Type           Power      Damage    Failure   Level
a - Scorch                Fire           36%        2d6       3%          2

Your spell library contained the following spells:

 Spells                   Type           Power      Damage    Failure   Level
 Static Discharge         Conj/Air       5%         3-4/arc   19%         2
 Gell's Gravitas          Tloc           5%         N/A       36%         3
 Teleport Other           Tloc           5%         N/A       36%         3
 Lightning Bolt           Conj/Air       2%         1d14      98%         5
 Dispersal                Tloc           2%         N/A       100%        6
 Maxwell's Capacitive Co  Air            2%         ∞         100%        8


Dungeon Overview and Level Annotations

Branches:
Dungeon (3/15)

Altars:
Ashenzari
Makhleb


Innate Abilities, Weirdness & Mutations

You have very sharp teeth.
Your uncanny sense of smell can sniff out nearby items.
Your experience applies equally to all skills.


Message History

Ijyb hits you with a +0 club.
* * * LOW HITPOINT WARNING * * *
You hit Ijyb. You burn Ijyb.
You kill Ijyb!
The adder bites you.
* * * LOW HITPOINT WARNING * * *
You are lethally poisoned!
The adder poisons you!
Your Conjurations skill increases to level 1!
Your Hexes skill increases to level 1!
Your Summonings skill increases to level 1!
Your Necromancy skill increases to level 1!
Your Translocations skill increases to level 1!
Your Transmutations skill increases to level 1!
Your Ice Magic skill increases to level 1!
Your Air Magic skill increases to level 1!
Your Earth Magic skill increases to level 1!
Your Poison Magic skill increases to level 1!
It was a potion of berserk rage.
A red film seems to cover your vision as you go berserk!
You feel yourself moving faster!
You feel mighty!
* * * LOW HITPOINT WARNING * * *
You feel sick. The adder completely misses you.
You slash the adder! You burn the adder.
You kill the adder!
* * * LOW HITPOINT WARNING * * *
You feel sick.
You are too berserk!
You start resting.
* * * LOW HITPOINT WARNING * * *
You feel sick.
You start resting.
You feel a strong urge to attack something.
* * * LOW HITPOINT WARNING * * *
You feel sick.
You start resting.
You feel your anger nearly subside.
You are no longer berserk.
You are exhausted.
You feel yourself slow down.
You die...

#†#
#.######.######
#...............
#.#####.########
#.# #. #.# # #.
#.# #.#. #.#
#.#.###@#
###.....#)#
........#.#
.S.S......#
##.....###
#.....#
......### ######


There were no monsters in sight!

Vanquished Creatures
  Ijyb (D:3)
  An orc wizard (D:3)
  An adder (D:3)
  A worm (D:2)
  10 orcs (D:3)
  4 bats
  3 endoplasms
  A giant cockroach (D:1)
  2 hobgoblins
  5 kobolds
  2 quokkas
  3 ball pythons
  3 rats
37 creatures vanquished.

Notes
Turn   | Place    | Note
-------+----------+-------------------------------------------
     0 | D:1      | Hubris850 the Gnoll Cinder Acolyte began the quest for the
                  | Orb.
     0 | D:1      | Reached XP level 1. HP: 23/23 MP: 4/4
   143 | D:1      | You fall into a shaft and drop 1 floor!
   143 | D:2      | Found a broken altar of Ashenzari.
   173 | D:2      | Reached XP level 2. HP: 23/29 MP: 5/5
   250 | D:2      | Learned a level 2 spell: Scorch
   709 | D:2      | Found a faded altar of an unknown god.
   739 | D:3      | Reached XP level 3. HP: 35/35 MP: 7/7
   766 | D:3      | Found the amulet of Elemental Vulnerability {rPois rF--
                  | rC-- AC+8}
   780 | D:3      | Reached skill level 1 in Invocations
   933 | D:3      | Reached skill level 1 in Short Blades
   933 | D:3      | Reached skill level 1 in Long Blades
   933 | D:3      | Reached skill level 1 in Maces & Flails
   933 | D:3      | Reached skill level 1 in Polearms
   933 | D:3      | Reached skill level 1 in Staves
   933 | D:3      | Reached skill level 1 in Ranged Weapons
   933 | D:3      | Reached skill level 1 in Throwing
   933 | D:3      | Reached skill level 1 in Armour
   933 | D:3      | Reached skill level 1 in Dodging
   933 | D:3      | Reached skill level 1 in Stealth
   933 | D:3      | Reached skill level 1 in Shields
   933 | D:3      | Reached skill level 1 in Unarmed Combat
   933 | D:3      | Reached skill level 1 in Evocations
   933 | D:3      | Reached XP level 4. HP: 41/41 MP: 8/8
   996 | D:3      | Found a burning altar of Makhleb.
   999 | D:3      | Identified the +2 robe "Quunie" {rF+}
  1100 | D:3      | Noticed Ijyb
  1143 | D:3      | Killed Ijyb
  1144 | D:3      | Reached skill level 1 in Conjurations
  1144 | D:3      | Reached skill level 1 in Hexes
  1144 | D:3      | Reached skill level 1 in Summonings
  1144 | D:3      | Reached skill level 1 in Necromancy
  1144 | D:3      | Reached skill level 1 in Translocations
  1144 | D:3      | Reached skill level 1 in Transmutations
  1144 | D:3      | Reached skill level 1 in Ice Magic
  1144 | D:3      | Reached skill level 1 in Air Magic
  1144 | D:3      | Reached skill level 1 in Earth Magic
  1144 | D:3      | Reached skill level 1 in Poison Magic
  1145 | D:3      | HP: 3/61 [poisoned by an adder]
  1147 | D:3      | HP: 1/61 [poisoned by an adder]
  1149 | D:3      | Succumbed to an adder's poison

Illustrated notes

Levels and vault maps discovered:
D:1:      erik_arrival_triangle_large, layout_basic
D:2:      layout_basic, basic_altar, serial_glass, glass_columns_c,
          glass_columns_a, glass_columns_a, glass_columns_a,
          ebering_ecumenical_altar_webs, dk_noncrumbling_4, minmay_tetromino_l4
D:3:      layout_loops_ring, bloody_makhleb, nicolae_underground_beach,
          uniq_ijyb, uniq_sigmund

Skill      XL: |  1  2  3  4 |
---------------+-------------+-----
Invocations    | 1 |  1.4
Short Blades   | 1 |  1.3
Long Blades    | 1 |  1.3
Maces & Flails | 1 |  1.3
Polearms       | 1 |  1.3
Staves         | 1 |  1.3
Ranged Weapons | 1 |  1.3
Throwing       | 1 |  1.3
Armour         | 1 |  1.3
Dodging        | 1 |  1.3
Stealth        | 1 |  1.3
Shields        | 1 |  1.3
Unarmed Combat | 1 |  1.3
Spellcasting   | 3 |  3.1
Evocations     | 1 |  1.3
Conjurations   | 1 |  1.0
Hexes          | 1 |  1.0
Summonings     | 1 |  1.0
Necromancy     | 1 |  1.0
Translocations | 1 |  1.0
Transmutations | 1 |  1.0
Ice Magic      | 1 |  1.0
Air Magic      | 1 |  1.0
Earth Magic    | 1 |  1.0
Poison Magic   | 1 |  1.0
Fighting       | |  6.6
Axes           | |  6.6
Fire Magic     | |  5.5

Action                   |  1- 3 |  4- 6 || total
-------------------------+-------+-------++-------
Melee: Hand axe          |    81 |    42 ||   123
       Bite              |     5 |     3 ||     8
 Cast: Scorch            |     3 |       ||     3
  Use: Potion            |       |     1 ||     1
Armor: Robe              |    15 |    15 ||    30
Dodge: Dodged            |    38 |    14 ||    52

Table legend: (Time is in decaauts)
 A = Elapsed time spent in this place.
 B = Non-inter-level travel time spent in this place.
 C = Inter-level travel time spent in this place.
 D = Time resting spent in this place.
 E = Time spent auto-exploring this place.
 F = Levels seen in this place.
 G = Mean time per level.
                   A        B        C        D        E       F      G
               +--------+--------+--------+--------+--------+-----+--------+
         Total |   1143 |   1143 |      0 |    455 |    161 |   3 |  381.0 |
       Dungeon |   1143 |   1143 |      0 |    455 |    161 |   3 |  381.0 |
               +--------+--------+--------+--------+--------+-----+--------+

Top non-repeatable levels by time:
     D:3: 421 daAuts
     D:1: 374 daAuts
     D:2: 348 daAuts
